 Dungeon Crawl Stone Soup version 0.23.2-30-g0e89c35649 (webtiles) character file.

Game seed: 7975757106645538657

98 havocjr2 the Shield-Bearer (level 4, -10/41 HPs)
             Began as a Gnoll Fighter on June 7, 2019.
             Killed by divine providence
             ... invoked by an orc priest
              (13 damage)
             ... on level 3 of the Dungeon on June 22, 2019.
             The game lasted 00:09:03 (1555 turns).

havocjr2 the Shield-Bearer (Gnoll Fighter)          Turns: 1555, Time: 00:09:03

Health: -10/41     AC:  7    Str: 21    XL:     4   Next: 69%
Magic:  5/5        EV: 10    Int: 10    God:
Gold:   140        SH:  6    Dex: 15    Spells: 5/5 levels left

rFire    + . .     SeeInvis .   a - +0 war axe
rCold    . . .     Gourm    .   l - +0 buckler
rNeg     . . .     Faith    .   b - +0 scale mail
rPois    .         Spirit   .   (no helmet)
rElec    .         Reflect  .   (no cloak)
rCorr    .         Harm     .   (no gloves)
MR       .....                  (no boots)
Stlth    ..........             (no amulet)
HPRegen  0.13/turn              j - +2 ring of strength
MPRegen  0.09/turn              n - ring of protection from fire

@: slowed, very slow
A: distributed training, fangs 1, strong nose
a: no special abilities


You were on level 3 of the Dungeon.
You were not hungry.

You visited 1 branch of the dungeon, and saw 3 of its levels.

You collected 140 gold pieces.

Inventory:

Hand Weapons
 a - a +0 war axe (weapon)
Missiles
 e - 121 stones (quivered)
Armour
 b - a +0 scale mail (worn)
 c - a +0 shield
 l - a +0 buckler (worn)
 m - a +0 ring mail
Jewellery
 j - a +2 ring of strength (left hand)
 n - a ring of protection from fire (right hand)
Scrolls
 h - 2 scrolls of identify {unknown}
 k - 2 scrolls of random uselessness {unknown}
 o - a scroll of teleportation {unknown}
 p - 2 scrolls of amnesia {unknown}
 q - a scroll of immolation {unknown}
 r - a scroll of remove curse {unknown}
 s - a scroll of magic mapping {unknown}
Potions
 d - a potion of might
 i - a potion of invisibility {unknown}
Comestibles
 f - 7 rations
 g - 3 chunks of flesh


   Skills:
 + Level 6.6 Fighting
 + Level 1.2 Short Blades
 + Level 1.2 Long Blades
 + Level 4.6 Axes
 + Level 1.2 Maces & Flails
 + Level 1.2 Polearms
 + Level 1.2 Staves
 + Level 1.2 Slings
 + Level 1.2 Bows
 + Level 1.2 Crossbows
 + Level 1.2 Throwing
 + Level 6.6 Armour
 + Level 1.2 Dodging
 + Level 1.2 Stealth
 + Level 6.6 Shields
 + Level 1.2 Unarmed Combat
 + Level 1.2 Spellcasting
 + Level 1.0 Conjurations
 + Level 1.0 Hexes
 + Level 1.0 Charms
 + Level 1.0 Summonings
 + Level 1.0 Necromancy
 + Level 1.0 Translocations
 + Level 1.0 Transmutations
 + Level 1.0 Fire Magic
 + Level 1.0 Ice Magic
 + Level 1.0 Air Magic
 + Level 1.0 Earth Magic
 + Level 1.0 Poison Magic
 + Level 1.3 Invocations
 + Level 1.2 Evocations


You had 5 spell levels left.
You didn't know any spells.
Your spell library contained the following spells:

 Spells                   Type           Power        Failure   Level  Hunger
 Animate Skeleton         Necr           N/A          50%         1    ##.....
 Pain                     Necr           #...         50%         1    ##.....
 Regeneration             Chrm/Necr      #.........   86%         3    ####...
 Vampiric Draining        Necr           #.........   86%         3    ####...
 Animate Dead             Necr           N/A          99%         4    #####..


Dungeon Overview and Level Annotations

Branches:
Dungeon (3/15)

Altars:
Beogh


Innate Abilities, Weirdness & Mutations

Your experience applies equally to all skills.
You have very sharp teeth.
Your uncanny sense of smell can sniff out nearby items.


Message History

You feel yourself slow down. The orc wizard casts a spell at you.
You feel as though you will be slow longer.
The orc priest looks satisfied for a moment.
The orc wizard gestures at you while chanting.
The magic dart hits you.
* * * LOW HITPOINT WARNING * * *
The orc priest looks satisfied for a moment.
The orc wizard closely misses you.
The orc wizard points at you and mumbles some strange words.
You resist with some effort. The iguana misses you.
The orc wizard gestures wildly while chanting.
The orc wizard blinks!
The orc wizard gestures wildly while chanting.
The orc wizard blinks!
The iguana bites you!
* * * LOW HITPOINT WARNING * * *
Okay, then.
The orc priest invokes the aid of Beogh against you.
Beogh smites you!
You die...

.# #.# #..#..# #...##...[ .# #.#
#..#..##.#######...##...#
.####.###..#.....................
>.............##...........##...#
...................$.............
.####.###..#..##.###.# #.........
...................#.# #..#......
#####.###..#.......#.###.........
#..........#...<@l..o.o..........
#..........#.......#.#...........
#..........#.......#.#.#..#......
.................................
...######..##....................
... #..####...........#..##.. ...
....# #..#.#.#.#..#..##.. #
.#..####..#.#.#...........
...................).....


You could see an iguana and 2 orc priests.

Vanquished Creatures
  A worker ant (D:3)
  3 adders (D:2)
  A worm (D:3)
  2 dart slugs (D:3)
  2 leopard geckos (D:1)
  A giant cockroach (D:3)
  8 goblins
  4 hobgoblins
  2 jackals (D:1)
  3 bats
  4 frilled lizards
  4 kobolds
  4 rats (D:1)
39 creatures vanquished.

Vanquished Creatures (others)
  A goblin (D:1)
  3 jackals (D:1)
4 creatures vanquished.

Grand Total: 43 creatures vanquished

Notes
Turn   | Place    | Note
-------+----------+-------------------------------------------
     0 | D:1      | havocjr2 the Gnoll Fighter began the quest for the Orb.
     0 | D:1      | Reached XP level 1. HP: 23/23 MP: 1/1
   163 | D:1      | Reached XP level 2. HP: 29/29 MP: 2/2
   611 | D:1      | Reached XP level 3. HP: 35/35 MP: 3/3
   809 | D:2      | Reached skill level 1 in Invocations
   935 | D:2      | Reached skill level 1 in Short Blades
   935 | D:2      | Reached skill level 1 in Long Blades
   935 | D:2      | Reached skill level 1 in Maces & Flails
   935 | D:2      | Reached skill level 1 in Polearms
   935 | D:2      | Reached skill level 1 in Staves
   935 | D:2      | Reached skill level 1 in Slings
   935 | D:2      | Reached skill level 1 in Bows
   935 | D:2      | Reached skill level 1 in Crossbows
   935 | D:2      | Reached skill level 1 in Throwing
   935 | D:2      | Reached skill level 1 in Dodging
   935 | D:2      | Reached skill level 1 in Stealth
   935 | D:2      | Reached skill level 1 in Unarmed Combat
   935 | D:2      | Reached skill level 1 in Spellcasting
   935 | D:2      | Reached skill level 1 in Evocations
  1123 | D:3      | Reached XP level 4. HP: 41/41 MP: 5/5
  1322 | D:3      | Reached skill level 1 in Conjurations
  1322 | D:3      | Reached skill level 1 in Hexes
  1322 | D:3      | Reached skill level 1 in Charms
  1322 | D:3      | Reached skill level 1 in Summonings
  1322 | D:3      | Reached skill level 1 in Necromancy
  1322 | D:3      | Reached skill level 1 in Translocations
  1322 | D:3      | Reached skill level 1 in Transmutations
  1322 | D:3      | Reached skill level 1 in Fire Magic
  1322 | D:3      | Reached skill level 1 in Ice Magic
  1322 | D:3      | Reached skill level 1 in Air Magic
  1322 | D:3      | Reached skill level 1 in Earth Magic
  1322 | D:3      | Reached skill level 1 in Poison Magic
  1528 | D:3      | Found a roughly hewn altar of Beogh.
  1553 | D:3      | HP: 2/41 [iguana (10)]
  1555 | D:3      | Killed from afar by an orc priest

Skill      XL: |  1  2  3  4 |
---------------+-------------+-----
Invocations    | 1 |  1.3
Short Blades   | 1 |  1.2
Long Blades    | 1 |  1.2
Maces & Flails | 1 |  1.2
Polearms       | 1 |  1.2
Staves         | 1 |  1.2
Slings         | 1 |  1.2
Bows           | 1 |  1.2
Crossbows      | 1 |  1.2
Throwing       | 1 |  1.2
Dodging        | 1 |  1.2
Stealth        | 1 |  1.2
Unarmed Combat | 1 |  1.2
Spellcasting   | 1 |  1.2
Evocations     | 1 |  1.2
Conjurations   | 1 |  1.0
Hexes          | 1 |  1.0
Charms         | 1 |  1.0
Summonings     | 1 |  1.0
Necromancy     | 1 |  1.0
Translocations | 1 |  1.0
Transmutations | 1 |  1.0
Fire Magic     | 1 |  1.0
Ice Magic      | 1 |  1.0
Air Magic      | 1 |  1.0
Earth Magic    | 1 |  1.0
Poison Magic   | 1 |  1.0
Fighting       | |  6.6
Axes           | |  4.6
Armour         | |  6.6
Shields        | |  6.6

Action                   |  1- 3 |  4- 6 || total
-------------------------+-------+-------++-------
Melee: War axe           |    68 |    27 ||    95
       Bite              |     6 |     2 ||     8
Throw: Stone             |     8 |     6 ||    14
  Eat: Chunk             |     1 |     1 ||     2
Armor: Scale mail        |    22 |     7 ||    29
Dodge: Dodged            |    18 |    13 ||    31
Block: Shield            |    33 |       ||    33
       Buckler           |     8 |     5 ||    13
